 Dungeon Crawl Stone Soup version 0.30-a0-632-g346586fe48 (webtiles) character file.

Game seed: 12076466776066304056

90703 KryptKrawler the Executioner (level 16, -1/150 HPs)
             Began as a Hill Orc Monk on Jan 13, 2023.
             Was the Champion of Beogh.
             Slain by Donald
             ... wielding a +0 double sword of venom
              (12 damage)
             ... on level 2 of the Elven Halls.
             The game lasted 01:31:52 (22841 turns).

KryptKrawler the Executioner (Hill Orc Monk)       Turns: 22841, Time: 01:31:53

Health: -1/150     AC: 33    Str: 26    XL:     16   Next: 1%
Magic:  18/20      EV: 10    Int: 14    God:    Beogh [******]
Gold:   2446       SH:  0    Dex: 19    Spells: 15/15 levels left

rFire   + . .      SeeInvis .    M - +9 executioner's axe (spect)
rCold   + . .      Faith    .    (shield currently unavailable)
rNeg    . . .      Spirit   .    t - +4 plate armour
rPois   +          Reflect  .    P - +1 helmet of Veomn {Int+3}
rElec   .          Harm     .    m - scarf {rC+ rF+}
rCorr   .          Rampage  .    j - +1 pair of gloves of Gallantry {rPois Int+2}
Will    +....                    B - +2 pair of boots Stlth
                                 D - amulet of regeneration
HPRegen 1.25/turn                k - +4 ring of protection
MPRegen 0.17/turn                Y - ring "Kisof" {Fly Dex+7 Stlth+}

@: flying, studying Unarmed Combat, recalling
A: walk on water, poison resistance, strong 1
a: Renounce Religion, Smiting, Stop Recall, Give Item to Named Follower,
Resurrection


You were on level 2 of the Elven Halls.
You worshipped Beogh.
Beogh was exalted by your worship.
You visited 5 branches of the dungeon, and saw 25 of its levels.
You also visited: Bailey and Ice Cave.

You collected 3166 gold pieces.
You spent 720 gold pieces at shops.

Inventory:

Hand Weapons
 M - a +9 spectral executioner's axe (weapon)
Armour
 j - the +1 pair of gloves of Gallantry (worn) {rPois Int+2}
   (You found it on level 2 of the Elven Halls)

   Int:       It affects your intelligence (+2).
   rPois:     It protects you from poison.
 m - a scarf of resistance (worn)
 t - a +4 plate armour (worn)
 B - a +2 pair of boots (worn)
 P - the +1 helmet of Veomn (worn) {Int+3}
   (You bought it in a shop on level 11 of the Dungeon)

   Int:       It affects your intelligence (+3).
Jewellery
 k - a +4 ring of protection (left hand)
 s - a ring of willpower
 y - a ring of magical power
 C - a ring of protection from fire
 D - an amulet of regeneration (around neck)
 S - the ring "Fuocazi" {Fly rElec rF- rC+ rCorr}
   (You found it on level 2 of the Lair of Beasts)

   [ring of protection from cold]

   rF:        It makes you vulnerable to fire.
   rC:        It protects you from cold.
   rElec:     It insulates you from electricity.
   Fly:       It grants you flight.
   rCorr:     It protects you from acid and corrosion.
 W - a ring of protection from cold
 Y - the ring "Kisof" (right hand) {Fly Dex+7 Stlth+}
   (You found it on level 2 of the Elven Halls)

   [ring of flight]

   Dex:       It affects your dexterity (+7).
   Fly:       It grants you flight.
   Stlth:     It makes you more stealthy.
Wands
 b - a wand of quicksilver (13)
 h - a wand of polymorph (7)
 o - a wand of mindburst (51)
 u - a wand of flame (46)
 w - a wand of charming (20)
 H - a wand of iceblast (14)
Scrolls
 c - 4 scrolls of blinking
 d - 6 scrolls of identify
 q - a scroll of amnesia
 v - a scroll of vulnerability
 x - 9 scrolls of teleportation
 E - 7 scrolls of fog
 J - a scroll of silence
 K - a scroll of poison
 Q - 5 scrolls of magic mapping
 U - a scroll of summoning
Potions
 a - 11 potions of lignification
 e - 5 potions of might
 f - 8 potions of flight
 g - a potion of attraction
 i - 5 potions of magic
 l - 2 potions of resistance
 n - 2 potions of haste
 p - 5 potions of ambrosia
 z - 8 potions of curing
 F - 2 potions of invisibility
 L - a potion of cancellation
 O - a potion of berserk rage
 V - a potion of mutation
Miscellaneous
 A - a lightning rod (4/4)
 G - a phial of floods
 I - a phantom mirror
 R - a box of beasts


   Skills:
 + Level 15.7 Fighting
 + Level 24.7 Axes
 + Level 14.6 Armour
 + Level 4.5 Dodging
 + Level 4.7 Stealth
 + Level 5.6 Invocations
 + Level 0.4 Evocations


You had 15 spell levels left.
You didn't know any spells.
Your spell library contained the following spells:

 Spells                   Type           Power      Damage    Failure   Level
 Magic Dart               Conj           0%         1d3       90%         1
 Shock                    Conj/Air       0%         1d3       90%         1
 Cigotuvi's Dreadful Rot  Necr/Pois/Air  0%         N/A       97%         2
 Searing Ray              Conj           0%         2d4       97%         2
 Static Discharge         Conj/Air       0%         2-2/arc   97%         2
 Call Canine Familiar     Summ           0%         N/A       99%         3
 Gell's Gravitas          Tloc           0%         N/A       99%         3
 Ignite Poison            Fire/Tmut/Pois 0%         N/A       99%         3
 Kindle Blastsparks       Fire/Tloc/Air  0%         2d10      99%         3
 Lesser Beckoning         Tloc           0%         N/A       99%         3
 Portal Projectile        Hex/Tloc       0%         N/A       99%         3
 Summon Guardian Golem    Hex/Summ       0%         N/A       99%         3
 Swiftness                Air            0%         N/A       99%         3
 Teleport Other           Tloc           0%         N/A       99%         3
 Vhi's Electric Charge    Tloc/Air       0%         N/A       99%         3
 Airstrike                Air            0%         2d(0-16)  100%        4
 Dispel Undead            Necr           0%         3d6       100%        4
 Fulminant Prism          Conj/Hex       0%         3d5       100%        4
 Iskenderun's Mystic Bla  Conj/Tloc      0%         2d3       100%        4
 Leda's Liquefaction      Hex/Erth       0%         N/A       100%        4
 Sticky Flame             Conj/Fire      0%         2d3       100%        4
 Arcjolt                  Conj/Air       0%         1d10      100%        5
 Blade Hands              Tmut           0%         N/A       100%        5
 Freezing Cloud           Conj/Ice/Air   0%         6-21      100%        5
 Irradiate                Conj/Tmut      0%         3d11      100%        5
 Iskenderun's Battlesphe  Conj           0%         2d6       100%        5
 Lee's Rapid Deconstruct  Erth           0%         3d4*      100%        5
 Lightning Bolt           Conj/Air       0%         1d11      100%        5
 Death Channel            Necr           0%         N/A       100%        6
 Iron Shot                Conj/Erth      0%         9d1       100%        6
 Dragon Form              Tmut           0%         N/A       100%        7
 Orb of Destruction       Conj           0%         9d5       100%        7
 Spellforged Servitor     Conj/Summ      0%         N/A       100%        7
 Ignition                 Fire           0%         3d3       100%        8


Dungeon Overview and Level Annotations

Branches:
Dungeon (15/15)            Temple (0/1) D:6            Lair (5/5) D:8
 Shoals (0/4) Lair:3        Snake (0/4) Lair:2        Slime (0/5) Lair:5
    Orc (2/2) D:11            Elf (2/3) Orc:2        Vaults (0/5) D:13
 Depths (1/4) D:15         Bailey (visited)           IceCv (visited)

Altars:
Cheibriados
Dithmenos
Elyvilon
Fedhas
Gozag
Hepliaklqana
Kikubaaqudgha
Qazlal
Ru
Trog
Vehumet
Wu Jian
Yredelemnul
The Shining One
Beogh
Jiyva
Lugonu

Shops:
D:2 *   D:5 (((   D:6 *   D:7 :   D:8 *   D:11 [   D:14 *!   Orc:2 :([?*=

Portals:
Abyss: Lair:5

Annotations:
D:11 2 transporters, crescentfresh's ghost, journeyman TeCj
Lair:5 1 runed translucent door
Orc:2 3 runed translucent doors, ASSMAN's ghost, journeyman TrFi
Elf:2 Donald; Urug


Innate Abilities, Weirdness & Mutations

You can walk on water.
Your system is resistant to poisons. (rPois)
Your muscles are strong. (Str +4, Int/Dex -1)


Message History

Oruk misses something.
You hear a shout! x3
Your surroundings suddenly seem different.
A deep elf knight and Donald come into view.
Donald is wielding a +0 double sword of venom, wearing a +2 chain mail of poison resistance and wearing a +2 kite shield of reflection.
The deep elf knight gestures wildly while chanting.
The deep elf knight seems to speed up.
Donald casts a spell.
Donald seems to speed up.
Beogh accepts your kill.
Beogh blesses a follower with healing.
You feel a bit more experienced.
You are too confused!
You are more confused.
You feel more invigorated.
Donald casts a spell.
Donald seems to grow stronger.
The deep elf knight gestures at you while chanting.
The shard of ice misses you.
A deep elf knight comes into view. It is wielding a +0 scimitar.
The deep elf knight shouts!
The deep elf knight hits you but does no damage. x2
Donald says, "I bet the Orb isn't even all that great."
You feel better.
You feel less invigorated.
The deep elf knight hits you but does no damage.
Activating: Recall Orcish Followers (0% risk of failure)
Press: ? - help, Q - select action, (/) - cycle Dir - look around, f - activate You begin recalling your allies.
Orgrim is recalled.
Your orc knight is recalled.
The deep elf knight hits you but does no damage.
The deep elf knight hits you with a +0 long sword!
* * * LOW HITPOINT WARNING * * *
Urug is recalled.
Your orc warrior is recalled.
Orgrim no longer looks unusually strong.
The deep elf knight hits Urug with a +0 scimitar!!
Urug dies!
The deep elf knight points at you and mumbles some strange words.
The shard of ice hits you!! You partially resist.
* * * LOW HITPOINT WARNING * * *
Donald hits you with a +0 double sword of venom!
You die...

..........# #.o#..######
...................###oo#........
....................##.o#........
....................##.o#########
.................... #.o.........
......###...e...... #.o.......o.
.....## #...)....# #.o#####'###
.....# #......o.# #.o#........
.....# #......@.## #.o#........
......# ......e@.o# #.o#..#'###.
.....## #....o.....##.o#..#...#.
.....# #..........##.o#..#...#.
.....# #..........##.o#o.#...#.
...... ..........###..ooo#####.
#........## #..#........
#........# #..#.....o.. ........#
#..#######o#


You could see Donald (fast, strong, reflecting), 2 deep elf knights, the
friendly Orgrim the orc warlord, a friendly orc knight (strong) and a friendly
orc warrior (strong).

Vanquished Creatures
  A deep elf annihilator (Elf:1)
  A white draconian (IceCv)
  A fire dragon (D:15)
  Fannar (Lair:1)
  A hydra (shapeshifter) (D:14)
  Erolcha (Orc:1)
  2 centaur warriors
  3 hydras
  A catoblepas (D:13)
  2 two-headed ogres
  7 dancing weapons
  2 death yaks (Lair:5)
  A thrashing horror (Lair:5)
  2 orc high priests (Orc:2)
  A deep elf knight (Elf:2)
  2 deep elf archers (Elf:2)
  An orc knight (Orc:2)
  4 deep elf zephyrmancers
  5 deep elf pyromancers
  4 orc sorcerers (Orc:2)
  5 ugly things
  A manticore (D:15)
  4 cyclopes
  4 elephants
  5 black mambas
  3 merfolk sirens (Lair:3)
  2 ice statues (IceCv)
  A smoke demon (Lair:5)
  5 cane toads
  5 rime drakes
  3 freezing wraiths
  A tengu conjurer (D:15)
  4 komodo dragons
  An ice devil (Lair:5)
  7 trolls
  2 ancient zymes (Lair:5)
  A queen bee (Lair:2)
  A meliai (D:10)
  14 blink frogs
  2 polar bears
  4 dream sheep (Lair:5)
  An air elemental (Elf:2)
  2 slime creatures (D:13)
  44 yaks
  A shadow (D:13)
  A ynoxinul (Lair:5)
  2 wraiths
  A vampire (D:9)
  4 wyverns
  A basilisk (Lair:1)
  A human (shapeshifter) (Lair:5)
  A chaos spawn (Lair:5)
  A vampire mosquito (D:13)
  5 small abominations (Lair:5)
  2 steam dragons
  4 wargs
  3 acid dragons
  10 water moccasins
  12 orc warriors
  A black bear (shapeshifter) (Lair:5)
  3 ice beasts
  A sky beast (D:7)
  2 black bears
  23 wolves
  4 ogres
  7 centaurs
  9 bullfrogs
  A necrophage (D:5)
  2 scorpions
  12 wights
  3 lindwurm simulacra (IceCv)
  24 killer bees
  2 howler monkeys
  2 lava snakes (Lair:2)
  10 komodo dragon simulacra (IceCv)
  4 orc priests
  A gnoll bouda (D:4)
  2 hounds
  An iguana (D:6)
  Terence (D:2)
  8 orc wizards
  Ijyb (D:3)
  7 gnolls (D:10)
  5 acid dragon simulacra (IceCv)
  9 adders
  A white imp (D:4)
  3 steam dragon simulacra (IceCv)
  An ufetubus (D:7)
  5 worms
  2 dart slugs
  6 orcs
  10 ball pythons
  4 bats
  5 endoplasms
  4 giant cockroaches
  9 goblins
  5 hobgoblins
  7 kobolds
  5 quokkas
  3 frilled lizards
  2 rats (D:1)
  A bush (Lair:1)
432 creatures vanquished.

Vanquished Creatures (collateral kills)
  The ghost of Teoxt the Stormcaller, an adept OpAE of Gozag (Elf:2)
  An emperor scorpion (D:15)
  A deep elf sorcerer (Elf:1)
  Louise (Elf:1)
  An orc warlord (Orc:2)
  A deep elf demonologist (Elf:1)
  A dire elephant (D:15)
  A deep elf death mage (Elf:1)
  Snorg (D:12)
  4 vault guards (D:13)
  A hydra (Lair:5)
  A centaur warrior (D:14)
  A death knight (D:15)
  5 dancing weapons (Elf:2)
  A death yak (Lair:5)
  A two-headed ogre (D:10)
  A boulder beetle (D:14)
  An orc high priest (Orc:2)
  A thrashing horror (Lair:5)
  4 deep elf knights
  A death drake (shapeshifter) (Elf:2)
  2 skeletal warriors (D:15)
  7 deep elf zephyrmancers
  4 deep elf archers (Elf:1)
  2 orc knights
  4 cyclopes
  5 deep elf pyromancers
  An orc sorcerer (Orc:2)
  4 ugly things
  2 salamanders
  2 moths of wrath (Elf:2)
  A manticore (D:11)
  2 black mambas
  An eye of devastation (shapeshifter) (Elf:2)
  6 elephants
  A merfolk siren (Lair:3)
  A smoke demon (Lair:5)
  5 cane toads
  A komodo dragon (shapeshifter) (Elf:2)
  An ice devil (Lair:5)
  A freezing wraith (D:15)
  3 komodo dragons
  An unseen horror (D:10)
  A tengu conjurer (D:15)
  A rime drake (shapeshifter) (Elf:2)
  A troll (D:10)
  A polar bear (shapeshifter) (Elf:2)
  2 meliai (D:10)
  2 burning bushes (Lair:3)
  10 blink frogs
  A tarantella (shapeshifter) (Elf:2)
  3 large abominations (Lair:5)
  3 dream sheep (Lair:5)
  3 slime creatures
  A spriggan (D:8)
  2 shadows
  3 wyverns
  20 yaks
  7 humans (D:13)
  3 basilisks
  A fire elemental (Elf:2)
  A wraith (D:10)
  3 vampire mosquitoes (D:13)
  3 small abominations (Lair:5)
  2 wargs
  2 acid dragons (D:10)
  4 water moccasins
  A sky beast (D:7)
  10 orc warriors
  A black bear (Lair:1)
  An ogre (shapeshifter) (Elf:2)
  An ogre (D:6)
  8 wolves
  5 centaurs
  A kobold brigand (D:11)
  5 bullfrogs
  A necrophage (D:7)
  2 scorpions
  2 gnoll sergeants (D:10)
  3 wights
  9 killer bees
  2 howler monkeys (D:8)
  2 electric eels (D:10)
  A lava snake (Lair:2)
  2 hounds
  4 orc priests
  6 orc wizards
  A gnoll (D:10)
  20 orcs
  A fungus (Lair:4)
257 creatures vanquished.

Vanquished Creatures (others)
  Urug (Elf:2)
  2 orc knights (Elf:2)
  2 orc high priests
  An orc sorcerer (Orc:2)
  18 orc warriors
  A human (D:13)
  16 orc priests
  17 orc wizards
  53 orcs
  A goblin (D:3)
  A kobold (D:3)
  36 fungi
  38 plants
187 creatures vanquished.

Grand Total: 876 creatures vanquished

Notes
Turn   | Place    | Note
-------+----------+-------------------------------------------
     0 | D:1      | KryptKrawler the Hill Orc Monk began the quest for the Orb.
     0 | D:1      | Reached XP level 1. HP: 19/19 MP: 1/1
   348 | D:1      | Reached XP level 2. HP: 23/27 MP: 2/2
  1075 | D:2      | Reached XP level 3. HP: 32/33 MP: 3/3
  1143 | D:2      | Noticed Terence
  1149 | D:2      | Killed Terence
  1150 | D:2      | Reached skill level 5 in Axes
  1150 | D:2      | Reached XP level 4. HP: 40/41 MP: 4/4
  1158 | D:2      | Reached skill level 1 in Armour
  1706 | D:2      | Found Ifanaisu's General Store.
  2075 | D:3      | Noticed Ijyb
  2082 | D:3      | Killed Ijyb
  2083 | D:3      | Reached XP level 5. HP: 47/47 MP: 5/5
  2091 | D:3      | Found a radiant altar of Vehumet.
  2201 | D:3      | Found a shadowy altar of Dithmenos.
  2458 | D:3      | Became a worshipper of Beogh the Brigand
  2458 | D:3      | Reached * piety under Beogh
  2458 | D:3      | Reached ** piety under Beogh
  2458 | D:3      | Noticed an ice beast
  2493 | D:3      | Killed an ice beast
  2494 | D:3      | Reached skill level 6 in Axes
  2494 | D:3      | Reached XP level 6. HP: 42/55 MP: 6/6
  3138 | D:4      | Reached skill level 5 in Fighting
  3259 | D:4      | Reached skill level 7 in Axes
  3336 | D:4      | You fall into a shaft and drop 1 floor!
  3336 | D:5      | Entered Level 5 of the Dungeon
  3336 | D:5      | Found Ucez's Weapon Shoppe.
  3401 | D:5      | Reached XP level 7. HP: 51/61 MP: 7/7
  3495 | D:5      | Found Ilal's Weapon Emporium.
  3613 | D:5      | Reached skill level 8 in Axes
  3856 | D:5      | Reached skill level 9 in Axes
  3859 | D:5      | Found a snail-covered altar of Cheibriados.
  4053 | D:5      | Found Qantieji's Antique Weapon Boutique.
  4780 | D:6      | Reached XP level 8. HP: 55/70 MP: 8/8
  4836 | D:6      | Found Lauler's General Store.
  4873 | D:6      | Bought an amulet of regeneration for 330 gold pieces
  4972 | D:6      | Reached skill level 10 in Axes
  4978 | D:6      | Reached *** piety under Beogh
  5012 | D:6      | Reached skill level 5 in Armour
  5030 | D:6      | Reached skill level 11 in Axes
  5047 | D:6      | Found a blossoming altar of Fedhas.
  5053 | D:6      | Found a sacrificial altar of Ru.
  5056 | D:6      | Found an opulent altar of Gozag.
  5120 | D:6      | Reached XP level 9. HP: 70/78 MP: 9/9
  5142 | D:6      | Found a basalt altar of Yredelemnul.
  5226 | D:6      | Found a staircase to the Ecumenical Temple.
  5901 | D:7      | Reached skill level 12 in Axes
  5976 | D:7      | Found a flagged portal.
  5987 | Bailey   | Entered a bailey
  6022 | Bailey   | Found a large runed translucent door.
  6022 | Bailey   | Found a large runed translucent door.
  6025 | Bailey   | Noticed an orc knight
  6025 | Bailey   | Noticed a deep elf zephyrmancer
  6038 | Bailey   | Killed an orc knight
  6067 | Bailey   | Killed a deep elf zephyrmancer
  6068 | Bailey   | Reached skill level 13 in Axes
  6116 | Bailey   | Identified the +10 falchion of Arahir {pain, Int+5}
  6301 | D:7      | Found an ornate altar of the Wu Jian Council.
  6378 | D:7      | Reached XP level 10. HP: 88/88 MP: 10/10
  6552 | D:7      | Reached skill level 1 in Invocations
  6560 | D:7      | Identified the +3 leather armour of Awe {rN++}
  6587 | D:7      | Found Icsivoaq's Book Boutique.
  6758 | D:8      | Found a hazy altar of Hepliaklqana.
  6766 | D:8      | Found a glowing golden altar of the Shining One.
  6789 | D:8      | Found a staircase to the Lair.
  6856 | D:8      | Found Utontiuv's Assorted Antiques.
  6895 | D:8      | Reached **** piety under Beogh
  6925 | D:8      | Reached skill level 14 in Axes
  6927 | D:8      | Found an ancient bone altar of Kikubaaqudgha.
  7212 | D:8      | Identified a scroll of acquirement
  7212 | D:8      | Acquired a +3 executioner's axe of freezing
  7674 | D:9      | Found a stormy altar of Qazlal.
  7693 | D:9      | Found a bloodstained altar of Trog.
  7759 | D:9      | Reached skill level 15 in Axes
  8109 | D:9      | Gained mutation: You are agile. (Dex +4, Str/Int -1)
                  | [potion of mutation]
  8110 | D:9      | Lost mutation: You are agile. (Dex +4, Str/Int -1) [potion
                  | of mutation]
  8110 | D:9      | Gained mutation: You are covered in fur. (AC +1) [potion of
                  | mutation]
  8110 | D:9      | Gained mutation: Your spells are a little harder to cast,
                  | but a little more powerful. [potion of mutation]
  8110 | D:9      | Gained mutation: Your movements are slightly less
                  | encumbered by armour. (ER -2) [potion of mutation]
  8320 | D:10     | Entered Level 10 of the Dungeon
  8596 | D:10     | Lost mutation: Your movements are slightly less encumbered
                  | by armour. (ER -2) [potion of mutation]
  8596 | D:10     | Lost mutation: Your spells are a little harder to cast, but
                  | a little more powerful. [potion of mutation]
  8596 | D:10     | Lost mutation: You are covered in fur. (AC +1) [potion of
                  | mutation]
  8596 | D:10     | Gained mutation: Your body sometimes deteriorates upon
                  | taking damage. [potion of mutation]
  8596 | D:10     | Gained mutation: You possess an exceptional clarity of
                  | mind. [potion of mutation]
  8597 | D:10     | Lost mutation: You possess an exceptional clarity of mind.
                  | [potion of mutation]
  8597 | D:10     | Lost mutation: Your body sometimes deteriorates upon taking
                  | damage. [potion of mutation]
  8597 | D:10     | Gained mutation: Your system is resistant to poisons.
                  | (rPois) [potion of mutation]
  8598 | D:10     | Lost mutation: Your system is resistant to poisons. (rPois)
                  | [potion of mutation]
  8598 | D:10     | Gained mutation: You have hidden genetic defects. [potion
                  | of mutation]
  8631 | D:10     | Reached XP level 11. HP: 82/95 MP: 12/12
  8709 | D:10     | Gained mutation: Your magical capacity is low. (-10% MP)
                  | [hidden defects]
  8742 | D:10     | Reached skill level 16 in Axes
  8770 | D:10     | Found a white marble altar of Elyvilon.
  9077 | D:10     | Noticed a cyclops
  9086 | D:10     | Killed a cyclops
  9146 | D:10     | Reached ***** piety under Beogh
  9272 | D:10     | Gained mutation: You are vulnerable to cold. (rC-) [hidden
                  | defects]
  9272 | D:10     | Lost mutation: You have hidden genetic defects. [hidden
                  | defects expressed]
  9311 | D:10     | Noticed a two-headed ogre
  9317 | D:10     | Killed a two-headed ogre
  9353 | D:10     | Noticed a two-headed ogre
  9358 | D:10     | Killed a two-headed ogre
  9359 | D:10     | Reached skill level 10 in Fighting
  9577 | D:11     | Found Voitikh's Antique Armour Shop.
  9588 | D:11     | Bought a warped helmet for 285 gold pieces
  9588 | D:11     | Identified the +1 helmet of Veomn {Int+3} (You bought it in
                  | a shop on level 11 of the Dungeon)
  9702 | D:11     | Noticed a cyclops
  9705 | D:11     | Found a staircase to the Orcish Mines.
  9709 | D:11     | Killed a cyclops
  9752 | D:11     | Reached skill level 17 in Axes
  9781 | D:11     | Noticed a manticore
  9783 | D:11     | Killed a manticore
  9961 | D:11     | Noticed a two-headed ogre
  9961 | D:11     | Noticed crescentfresh's ghost (journeyman TeCj)
  9962 | D:11     | Noticed a two-headed ogre
  9963 | D:11     | Found a transporter.
  9964 | D:11     | Identified the +1 dire flail of the Winnowing Gods {heavy,
                  | rPois Str+5 Int-5}
  9964 | D:11     | Noticed a two-headed ogre
 10032 | D:11     | Found a transporter.
 10343 | D:12     | Killed a deep elf pyromancer
 10394 | D:12     | Noticed Urug
 10642 | D:12     | Noticed a deep elf pyromancer
 10649 | D:12     | Killed a deep elf pyromancer
 10650 | D:12     | Reached skill level 10 in Armour
 10650 | D:12     | Reached XP level 12. HP: 95/107 MP: 12/12
 10985 | D:12     | Noticed Snorg
 10992 | D:12     | Killed Snorg
 11395 | D:12     | Identified the +3 dagger of Koper {drain, Stlth+}
 11654 | D:13     | Noticed a two-headed ogre
 11659 | D:13     | Reached skill level 18 in Axes
 11660 | D:13     | Killed a two-headed ogre
 11701 | D:13     | Noticed a catoblepas
 11702 | D:13     | Gained Orkrul as an ally
 11709 | D:13     | Killed a catoblepas
 11917 | D:13     | Noticed a six-headed hydra
 11927 | D:13     | Killed an eight-headed hydra
 12241 | D:13     | Noticed a vault guard
 12243 | D:13     | Noticed a vault guard
 12245 | D:13     | Noticed a vault guard
 12245 | D:13     | Noticed a vault guard
 12249 | D:13     | Killed a vault guard
 12252 | D:13     | Killed a vault guard
 12254 | D:13     | Killed a vault guard
 12256 | D:13     | Killed a vault guard
 12258 | D:13     | Found a gate to the Vaults.
 12575 | D:13     | Reached skill level 19 in Axes
 12723 | D:14     | Noticed a centaur warrior
 12731 | D:14     | Killed a centaur warrior
 13012 | D:14     | Reached XP level 13. HP: 109/117 MP: 14/14
 13038 | D:14     | Found Acloxy's Distillery.
 13051 | D:14     | Gained Oruk as an ally
 13057 | D:14     | Reached skill level 20 in Axes
 13358 | D:14     | Found Nuje Ito's Neck Hole.
 13707 | D:15     | Entered Level 15 of the Dungeon
 13907 | D:15     | Noticed a fire dragon
 13915 | D:15     | Killed a fire dragon
 14099 | D:15     | Reached ****** piety under Beogh
 14181 | D:15     | Found a staircase to the Depths.
 14181 | D:15     | Noticed an emperor scorpion
 14181 | D:15     | Noticed a dire elephant
 14194 | D:15     | Killed an emperor scorpion
 14198 | D:15     | Killed a dire elephant
 14308 | Depths:1 | Entered Level 1 of the Depths
 14308 | Depths:1 | Noticed an ice dragon
 14468 | Lair:1   | Entered Level 1 of the Lair of Beasts
 14516 | Lair:1   | Reached skill level 21 in Axes
 14736 | Lair:1   | Noticed Fannar
 14745 | Lair:1   | Killed Fannar
 14994 | Lair:1   | Identified the +1 leather armour of the Arcane {Drain
                  | Regen+ rCorr Str+4}
 15384 | Lair:2   | Reached XP level 14. HP: 122/127 MP: 15/15
 15478 | Lair:2   | Identified the ring "Fuocazi" {Fly rElec rF- rC+ rCorr}
 15600 | Lair:2   | Reached skill level 22 in Axes
 15601 | Lair:2   | Lost mutation: You are vulnerable to cold. (rC-) [potion of
                  | mutation]
 15601 | Lair:2   | Lost mutation: Your magical capacity is low. (-10% MP)
                  | [potion of mutation]
 15601 | Lair:2   | Gained mutation: Your muscles are strong. (Str +4, Int/Dex
                  | -1) [potion of mutation]
 15601 | Lair:2   | Gained mutation: Your system is resistant to poisons.
                  | (rPois) [potion of mutation]
 15790 | Lair:2   | Found a dark tunnel.
 15925 | Lair:2   | Found a staircase to the Snake Pit.
 16141 | Lair:3   | Found a staircase to the Shoals.
 16304 | Lair:3   | Gained Orgrim as an ally
 17283 | Lair:5   | Entered Level 5 of the Lair of Beasts
 17305 | Lair:5   | Reached skill level 23 in Axes
 17524 | Lair:5   | Found a frozen archway.
 17538 | IceCv    | Entered an ice cave
 18053 | IceCv    | Noticed a white draconian
 18062 | IceCv    | Killed a white draconian
 18485 | Lair:5   | Reached XP level 15. HP: 138/138 MP: 18/18
 18610 | Lair:5   | Reached skill level 24 in Axes
 18685 | Lair:5   | Found a corrupted altar of Lugonu.
 18685 | Lair:5   | Found a one-way gate to the infinite horrors of the Abyss.
 18954 | Lair:5   | Found a runed translucent door.
 18967 | Lair:5   | Found a viscous altar of Jiyva.
 18967 | Lair:5   | Found a staircase to the Slime Pits.
 19181 | Orc:1    | Entered Level 1 of the Orcish Mines
 19181 | Orc:1    | Noticed Erolcha
 19186 | Orc:1    | Killed Erolcha
 19334 | Orc:2    | Entered Level 2 of the Orcish Mines
 19351 | Orc:2    | Reached skill level 5 in Invocations
 19427 | Orc:2    | Found a staircase to the Elven Halls.
 19468 | Orc:2    | Noticed an orc warlord
 19473 | Orc:2    | Gained Argrim as an ally
 19479 | Orc:2    | Your ally Argrim died
 19485 | Orc:2    | Killed an orc warlord
 19486 | Orc:2    | Reached skill level 15 in Fighting
 19796 | Orc:2    | Found Xievejez's Antique Armour Shoppe.
 19879 | Orc:2    | Found Koujeq's Antique Weapon Emporium.
 19881 | Orc:2    | Found Watemir's General Store.
 19881 | Orc:2    | Found Wopeubed's Jewellery Shoppe.
 19955 | Orc:2    | Found Vadetemod's Vocational Training.
 20076 | Orc:2    | Found Buet's Magic Scroll Shop.
 20204 | Orc:2    | Bought a scroll of enchant armour for 105 gold pieces
 20265 | Orc:2    | Found a runed translucent gate.
 20265 | Orc:2    | Noticed an orc warlord
 20266 | Orc:2    | Found a runed translucent gate.
 20268 | Orc:2    | Found a runed translucent gate.
 20268 | Orc:2    | Noticed ASSMAN's ghost (journeyman TrFi)
 20512 | Orc:2    | Found a roughly hewn altar of Beogh.
 20622 | Elf:1    | Entered Level 1 of the Elven Halls
 20892 | Elf:1    | Noticed Louise
 20897 | Elf:1    | Noticed a deep elf sorcerer
 20901 | Elf:1    | Killed a deep elf sorcerer
 20909 | Elf:1    | Gained Learuk as an ally
 21042 | Elf:1    | Killed Louise
 21680 | Elf:1    | Identified the +4 dagger of Eqairuss {freeze, rPois Int+5}
 21955 | Elf:2    | Paralysed by an air elemental for 1 turns
 22178 | Elf:2    | Found a transporter.
 22214 | Elf:2    | Noticed Teoxt's ghost (adept OpAE)
 22230 | Elf:2    | Found a transporter.
 22251 | Elf:2    | Your ally Orkrul died
 22252 | Elf:2    | Killed Teoxt's ghost
 22411 | Elf:2    | Identified the ring "Kisof" {Fly Dex+7 Stlth+}
 22413 | Elf:2    | Identified the +1 pair of gloves of Gallantry {rPois Int+2}
 22588 | Elf:2    | Found a runed translucent gate.
 22592 | Elf:2    | Found a runed translucent gate.
 22592 | Elf:2    | Found a runed translucent gate.
 22829 | Elf:2    | Your ally Learuk died
 22832 | Elf:2    | Reached XP level 16. HP: 21/150 MP: 20/20
 22834 | Elf:2    | HP: 7/150 [deep elf zephyrmancer/bolt of lightning (21)]
 22835 | Elf:2    | Noticed Donald
 22841 | Elf:2    | Your ally Urug died
 22841 | Elf:2    | Slain by Donald

Illustrated notes

Levels and vault maps discovered:
D:1:      psy_arrival_fountain, layout_basic
D:2:      layout_loops_ring, serial_shops, shop, uniq_terence
D:3:      layout_loops_cross, amethyst_overflow_temple_binary,
          chequers_mini_garden, dk_noncrumbling_4, uniq_ijyb
D:4:      layout_loops_ring, kennysheep_generic_room_5
D:5:      layout_layer_cave, old_standard_altar, serial_shops, shop,
          kennysheep_mini_moat, nicolae_shop_stone, kennysheep_generic_room_14
D:6:      layout_loops_ring, old_standard_altar,
          minmay_overflow_temple_star_quad, minmay_temple_entry_slanted,
          serial_shops, shop, eino_tiny_chamber
D:7:      layout_basic, amcnicky_altar_gilded, enter_bailey_3, serial_shops,
          nicolae_shop_advertising_works [nicolae_subvault_shop_adworks],
          serial_bayou_crossing
D:8:      layout_cave_pools, kennysheep_little_box, overflow_temple_1_default,
          nicolae_overflow_crystal_walls, erik_lair_orcish_takeover,
          serial_shops, shop, dreamdust_mushroom_princess, the_hattery
D:9:      layout_loops_cross, mainiacjoe_overflow_catwalk,
          lightli_temple_of_fire, minmay_misc_feat_secret_circle, minivault_25,
          serial_park_tiny_2, minmay_misc_feat_five
D:10:     minmay_polygon_palace, layout_loops_ring, nicolae_elyvilon_temple_path
D:11:     layout_loops_cross, david_orc_2, serial_shops, nicolae_lakefront_shop,
          gammafunk_ghost_smash, blue_anna_alchemist
D:12:     layout_gridville, uniq_snorg, uniq_urug
D:13:     layout_small_grid, ximxim_vaults_locker_room, minivault_19
D:14:     layout_roguey, serial_shops, shop, hex_intersection,
          nicolae_shop_sticking_my_neck_out
D:15:     hangedman_depths_entry_try_elsewhere_first, layout_rooms
Lair:1:   layout_concentric_octagons, grunt_forest_large_clearings,
          grunt_megastairs_5, uniq_fannar
Lair:2:   layout_roguey [special_room_bee], nicolae_snake_entry_warm_welcome,
          lightli_volcano_entry_magma_tube, beast_lair_carwin_3,
          serial_bayou_shore_b
Lair:3:   layout_roguey, elwin_shoals_entry_stream, evilmike_ambush
          [evilmike_ambush_outer_corners, evilmike_ambush_inner_basic]
Lair:4:   layout_roguey
Lair:5:   hellmonk_lair_end_abyssal_woods, layout_hall_layers, slime_entry_2,
          portal_ice_cave_demonic_guard, minivault_11, grunt_megastairs_1
Orc:1:    layout_diamond_mine, basic_altar, uniq_erolcha
Orc:2:    st_orc_congregation, layout_caves, biasface_ghost_orc_armoury,
          serial_shops, shop_fountains, nicolae_shop_vocational
Elf:1:    layout_geoelf_grid, hangedman_elf_represent, st_stairs_2,
          lemuel_upstairs_altar, uniq_louise
Elf:2:    nicolae_elf_blades_crystal_corner, layout_onion_city,
          gammafunk_ghost_berserking_beasts, uniq_donald
Depths:1: layout_forbidden_donut, grunt_mini_vestibule, corexii_corridor_pit,
          ashenzari_conservatory_becter, roderic_lattice_octagonal_star

Skill      XL: |  1  2  3  4  5  6  7  8  9 10 11 12 13 14 15 |
---------------+----------------------------------------------+-----
Fighting       | 4 5 6 8 10 11 12 14 15 | 15.7
Axes           | 5 6 7 9 11 13 15 17 19 21 23 24 | 24.7
Armour         | 1 2 3 5 6 8 10 11 12 14 | 14.6
Dodging        | 3 4 |  4.5
Stealth        | 2 3 4 |  4.7
Invocations    | 1 2 3 4 5 |  5.6
Evocations     | |  0.4

Action                   |  1- 3 |  4- 6 |  7- 9 | 10-12 | 13-15 | 16-18 || total
-------------------------+-------+-------+-------+-------+-------+-------++-------
Melee: Hand axe          |    56 |       |       |       |       |       ||    56
       Broad axe         |    17 |   113 |   210 |    49 |       |       ||   389
       Punch             |       |       |     1 |       |       |       ||     1
       Executioner's axe |       |       |       |   234 |   438 |       ||   672
Invok: Convert to Beogh  |       |     1 |       |       |       |       ||     1
       Smiting           |       |     1 |     1 |       |       |       ||     2
       Recall Orcish Fol |       |       |       |    22 |    18 |     1 ||    41
       Stop Recall       |       |       |       |     9 |       |       ||     9
       Give Item to Name |       |       |       |       |     1 |       ||     1
Evoke: Wand              |       |       |       |       |     1 |       ||     1
  Use: Scroll            |     7 |     4 |     7 |    13 |    16 |     1 ||    48
       Potion            |       |     1 |       |     7 |     8 |     3 ||    19
 Stab: Distracted        |       |       |     1 |     3 |    10 |       ||    14
       Confused          |       |       |       |     1 |       |       ||     1
Armor: Robe              |     9 |       |       |       |       |       ||     9
       Chain mail        |    22 |    72 |   105 |    73 |       |       ||   272
       Plate armour      |       |       |       |   144 |   296 |     4 ||   444
Dodge: Dodged            |    48 |    60 |   136 |   192 |   279 |     2 ||   717

Table legend: (Time is in decaauts)
 A = Elapsed time spent in this place.
 B = Non-inter-level travel time spent in this place.
 C = Inter-level travel time spent in this place.
 D = Time resting spent in this place.
 E = Time spent auto-exploring this place.
 F = Levels seen in this place.
 G = Mean time per level.
                   A        B        C        D        E       F      G
               +--------+--------+--------+--------+--------+-----+--------+
         Total |  22862 |  21660 |   1202 |   2489 |  14951 |  27 |  846.7 |
       Dungeon |  14390 |  13597 |    793 |   1241 |  10016 |  15 |  959.3 |
          Lair |   3879 |   3614 |    265 |     89 |   2727 |   5 |  775.8 |
  Orcish Mines |   1427 |   1334 |     93 |    375 |    706 |   2 |  713.5 |
   Elven Halls |   2227 |   2176 |     51 |    484 |   1262 |   2 | 1113.5 |
        Depths |      1 |      1 |      0 |      0 |      0 |   1 |    1.0 |
        Bailey |    252 |    252 |      0 |      0 |    156 |   1 |  252.0 |
      Ice Cave |    683 |    683 |      0 |    300 |     83 |   1 |  683.0 |
               +--------+--------+--------+--------+--------+-----+--------+

Top non-repeatable levels by time:
    D:12: 1315 daAuts
   Orc:2: 1277 daAuts
     D:5: 1254 daAuts
   Elf:1: 1222 daAuts
    D:13: 1218 daAuts
     D:9: 1119 daAuts
    D:10: 1102 daAuts
     D:6: 1081 daAuts
  Lair:5: 1027 daAuts
    D:14: 1020 daAuts
     D:1: 1016 daAuts
   Elf:2: 1004 daAuts
     D:2: 942 daAuts
  Lair:1: 868 daAuts
     D:3: 860 daAuts
